3AA
LANCASTER FARMERS @ BELVEDERE PARK RAWHIDES
06/30/2021
 
TOP OF THE 1ST
Lancaster Farmers batting - Pitching for Belvedere Park Rawhides : RHP Gerald Best
Pitching: RHP Gerald Best
Batting: RHB Ricardo Pacheco 0-0: Called Strike
0-1: Ball
1-1: Ball
2-1: Called Strike
2-2: Fly out, F3 (Popup, 3F)
Batting: RHB Eric Howard 0-0: Ball
1-0: Ball
2-0: Foul Ball, location: 2F
2-1: SOLO HOME RUN (Flyball, 9LD), Distance : 352 ft
Batting: RHB Fred Meyer 0-0: Ball
1-0: Foul Ball, location: 2F
1-1: Foul Ball, location: 2F
1-2: Foul Ball, location: 2F
1-2: Strikes out looking
Batting: RHB Brent Ryan 0-0: Called Strike
0-1: Foul Ball, location: 2F
0-2: Ball
1-2: Ground out 6-3 (Groundball, 6)
Top of the 1st over - 1 run(s), 1 hit(s), 0 error(s), 0 left on base; Lancaster 1 - Belvedere Park 0
BOTTOM OF THE 1ST
Belvedere Park Rawhides batting - Pitching for Lancaster Farmers : RHP Rafael Cardona
Pitching: RHP Rafael Cardona
Batting: RHB Ralph McKnight 0-0: Ground out 6-3 (Groundball, 6)
Batting: SHB Ron Bunch 0-0: Called Strike
0-1: Ball
1-1: Ball
2-1: Ball
3-1: Foul Ball, location: 2F
3-2: Base on Balls
Batting: RHB Tom Strickland 0-0: Called Strike
0-1: Ground out 4-3 (Groundball, 4M)
Ron Bunch to second
Batting: RHB Enrique Pimentel 0-0: Called Strike
0-1: Ball
1-1: Ball
2-1: Fly out, F3 (Popup, 3F)
Bottom of the 1st over - 0 run(s), 0 hit(s), 0 error(s), 1 left on base; Lancaster 1 - Belvedere Park 0
TOP OF THE 2ND
Lancaster Farmers batting - Pitching for Belvedere Park Rawhides : RHP Gerald Best
Batting: RHB Keith Fish 0-0: Swinging Strike
0-1: Ball
1-1: Ball
2-1: Foul Ball, location: 2F
2-2: Foul Ball, location: 2F
2-2: Foul Ball, location: 2F
2-2: SINGLE (Groundball, 6MD)
Batting: RHB John Townsend 0-0: Ball
1-0: Ball
Keith Fish steals 2nd base
2-0: Ground out 6-3 (Groundball, 6)
Keith Fish to third
Batting: RHB Bennett Bates 0-0: Foul Ball, location: 2F
0-1: Ball
1-1: Ball
2-1: Ball
3-1: Foul Ball, location: 2F
3-2: Ground out 6-3 (Groundball, 6)
Keith Fish scores
Batting: SHB Jim Henderson 0-0: Ball
1-0: Ball
2-0: Called Strike
2-1: SINGLE (Groundball, 34D)
Batting: LHB Rob Wilson 0-0: Called Strike
Jim Henderson is caught stealing 2nd base
Top of the 2nd over - 1 run(s), 2 hit(s), 0 error(s), 0 left on base; Lancaster 2 - Belvedere Park 0
BOTTOM OF THE 2ND
Belvedere Park Rawhides batting - Pitching for Lancaster Farmers : RHP Rafael Cardona
Batting: RHB Danny Penn 0-0: Ball
1-0: Ball
2-0: Foul Ball, location: 2F
2-1: Ball
3-1: Base on Balls
Batting: SHB Ryan Cook 0-0: Ball
1-0: Ball
2-0: Foul Ball, location: 2F
2-1: Ball
3-1: Base on Balls
Danny Penn to second
Batting: RHB Victorino Navarro 0-0: Ball
1-0: Reached on error, E5 (Groundball, 56)
Danny Penn to third
Ryan Cook to second
Batting: RHB Pedro Jiménez 0-0: Reached on error, E6 (Groundball, 6)
Danny Penn scores
Ryan Cook to third
Victorino Navarro to second
Batting: RHB Al Thomas 0-0: Called Strike
0-1: SINGLE (Line Drive, 8LS)
Ryan Cook scores
Victorino Navarro to third
Pedro Jiménez to second
Batting: RHB Ralph McKnight 0-0: Ball
1-0: Foul Ball, location: 2F
1-1: Foul Ball, location: 2F
1-2: SINGLE (Line Drive, 89S)
Victorino Navarro scores
Pedro Jiménez to third
Al Thomas to second
Batting: SHB Ron Bunch 0-0: Foul Ball, location: 2F
0-1: Ball
1-1: Ball
2-1: Foul Ball, location: 2F
2-2: Foul Ball, location: 2F
2-2: SINGLE (Flyball, 78S)
Pedro Jiménez scores
Al Thomas to third
Ralph McKnight to second
Batting: RHB Tom Strickland 0-0: Called Strike
0-1: Foul Ball, location: 2F
0-2: Fly out, F7 (Flyball, 78XD)
Runner from 3rd tags up, SCORES, no throw
Ralph McKnight to third
Batting: RHB Enrique Pimentel 0-0: Called Strike
Ron Bunch is caught stealing 2nd base
0-1: Ball
1-1: Called Strike
1-2: Strikes out swinging
Bottom of the 2nd over - 5 run(s), 3 hit(s), 2 error(s), 1 left on base; Lancaster 2 - Belvedere Park 5
TOP OF THE 3RD
Lancaster Farmers batting - Pitching for Belvedere Park Rawhides : RHP Gerald Best
Batting: LHB Rob Wilson 0-0: Ball
1-0: Foul Ball, location: 2F
1-1: Ball
2-1: Ball
3-1: Called Strike
3-2: Strikes out swinging, 2-3 out at first.
Batting: RHB Ricardo Pacheco 0-0: Ball
1-0: TRIPLE (Flyball, 89XD)
Batting: RHB Eric Howard 0-0: Ball
1-0: Foul Ball, location: 2F
1-1: Ball
2-1: Ground out 4-3 (Groundball, 4)
Ricardo Pacheco scores
Batting: RHB Fred Meyer 0-0: SINGLE (Groundball, 6MD)
Batting: RHB Brent Ryan 0-0: Swinging Strike
0-1: Fly out, F8 (Flyball, 8RM)
Top of the 3rd over - 1 run(s), 2 hit(s), 0 error(s), 1 left on base; Lancaster 3 - Belvedere Park 5
BOTTOM OF THE 3RD
Belvedere Park Rawhides batting - Pitching for Lancaster Farmers : RHP Rafael Cardona
Batting: RHB Danny Penn 0-0: Ball
1-0: Ground out 4-3 (Groundball, 13)
Batting: SHB Ryan Cook 0-0: Ball
1-0: Called Strike
1-1: Called Strike
1-2: Fly out, F8 (Flyball, 8RD)
Batting: RHB Victorino Navarro 0-0: Called Strike
0-1: Ball
1-1: Swinging Strike
1-2: Fly out, F8 (Line Drive, 8LM)
Bottom of the 3rd over - 0 run(s), 0 hit(s), 0 error(s), 0 left on base; Lancaster 3 - Belvedere Park 5
TOP OF THE 4TH
Lancaster Farmers batting - Pitching for Belvedere Park Rawhides : RHP Gerald Best
Batting: RHB Keith Fish 0-0: Ball
1-0: Ball
2-0: Called Strike
2-1: Called Strike
2-2: Ball
3-2: Fly out, F7 (Flyball, 7S)
Batting: RHB John Townsend 0-0: Called Strike
0-1: Ball
1-1: Foul Ball, location: 2F
1-2: SINGLE (Line Drive, 9S)
Batting: RHB Bennett Bates 0-0: Ball
1-0: Called Strike
1-1: Ball
2-1: Foul Ball, location: 2F
2-2: Ball
3-2: Strikes out swinging
Batting: SHB Jim Henderson 0-0: Fly out, F5 (Popup, 5SF)
Top of the 4th over - 0 run(s), 1 hit(s), 0 error(s), 1 left on base; Lancaster 3 - Belvedere Park 5
BOTTOM OF THE 4TH
Belvedere Park Rawhides batting - Pitching for Lancaster Farmers : RHP Rafael Cardona
Batting: RHB Pedro Jiménez 0-0: Called Strike
0-1: SINGLE (Line Drive, 6MD)
Batting: RHB Al Thomas 0-0: Called Strike
0-1: Grounds into double play, 2-6-3 (Groundball, 2L)
Batting: RHB Ralph McKnight 0-0: Ball
1-0: Ball
2-0: Swinging Strike
2-1: Swinging Strike
2-2: Ball
3-2: Foul Ball, location: 2F
3-2: Foul Ball, location: 2F
3-2: Base on Balls
Batting: SHB Ron Bunch 0-0: Ball
1-0: Called Strike
1-1: Ball
2-1: Swinging Strike
2-2: Foul Ball, location: 2F
2-2: Strikes out swinging
Bottom of the 4th over - 0 run(s), 1 hit(s), 0 error(s), 1 left on base; Lancaster 3 - Belvedere Park 5
TOP OF THE 5TH
Lancaster Farmers batting - Pitching for Belvedere Park Rawhides : RHP Gerald Best
Batting: LHB Rob Wilson 0-0: Ball
1-0: Called Strike
1-1: Fly out, F6 (Popup, 6S)
Batting: RHB Ricardo Pacheco 0-0: Called Strike
0-1: DOUBLE (Line Drive, 5D)
Pinch Runner at 2nd Carlos Santos:
Batting: RHB Eric Howard 0-0: Fly out, F7 (Flyball, 78M)
Batting: RHB Fred Meyer 0-0: Called Strike
0-1: Swinging Strike
0-2: Ball
1-2: SINGLE (Line Drive, 56)
Carlos Santos to third
Batting: RHB Brent Ryan 0-0: Ball
1-0: Called Strike
1-1: TRIPLE (Flyball, 78M)
Carlos Santos scores
Fred Meyer scores
Batting: RHB Keith Fish 0-0: Fly out, F4 (Line Drive, 4M)
Top of the 5th over - 2 run(s), 3 hit(s), 0 error(s), 1 left on base; Lancaster 5 - Belvedere Park 5
BOTTOM OF THE 5TH
Belvedere Park Rawhides batting - Pitching for Lancaster Farmers : RHP Rafael Cardona
Now at 1B: Carlos Santos
Batting: RHB Tom Strickland 0-0: Ball
1-0: Ground out 5-3 (Groundball, 56S)
Batting: RHB Enrique Pimentel 0-0: Ball
1-0: Ball
2-0: Ball
3-0: Base on Balls
Batting: RHB Danny Penn 0-0: Ball
1-0: Foul Ball, location: 2F
1-1: Ball
Enrique Pimentel is caught stealing 2nd base
2-1: Ball
3-1: Swinging Strike
3-2: Foul Ball, location: 2F
3-2: Ground out 6-3 (Groundball, 6)
Bottom of the 5th over - 0 run(s), 0 hit(s), 0 error(s), 0 left on base; Lancaster 5 - Belvedere Park 5
TOP OF THE 6TH
Lancaster Farmers batting - Pitching for Belvedere Park Rawhides : RHP Gerald Best
Batting: RHB John Townsend 0-0: Ball
1-0: Ball
2-0: Ball
3-0: Base on Balls
Batting: RHB Bennett Bates 0-0: Bunted foul
0-1: Sac Bunt - play at first, batter OUT! 1-4
John Townsend to second
Pitching: RHP Jim Thornton
Batting: SHB Jim Henderson 0-0: Foul Ball, location: 2F
0-1: Foul Ball, location: 2F
0-2: Ball
1-2: Foul Ball, location: 2F
1-2: Ball
2-2: Foul Ball, location: 2F
2-2: Ball
3-2: SINGLE (Groundball, 34)
John Townsend to third
Runner from 3rd tries for Home, SAFE, throw made home
Batting: LHB Rob Wilson 0-0: Called Strike
0-1: Ball
1-1: Called Strike
1-2: Ball
2-2: Ball
3-2: Foul Ball, location: 2F
3-2: Foul Ball, location: 2F
3-2: Strikes out swinging
Jim Henderson is caught stealing 2nd base
Batter strikes out.
Top of the 6th over - 1 run(s), 1 hit(s), 0 error(s), 0 left on base; Lancaster 6 - Belvedere Park 5
BOTTOM OF THE 6TH
Belvedere Park Rawhides batting - Pitching for Lancaster Farmers : RHP Rafael Cardona
Batting: SHB Ryan Cook 0-0: Called Strike
0-1: Bunt for hit - play at first, batter OUT! 1-3
Batting: RHB Victorino Navarro 0-0: Called Strike
0-1: Ball
1-1: Ball
2-1: Ball
3-1: Fly out, F7 (Flyball, 7M)
Batting: RHB Pedro Jiménez 0-0: Called Strike
0-1: Ball
1-1: Called Strike
1-2: SINGLE (Groundball, 13) (infield hit)
Pitching: RHP Craig Evans
Batting: RHB Al Thomas 0-0: Ball
1-0: Ball
2-0: Swinging Strike
2-1: Ball
3-1: Fly out, F3 (Popup, 3)
Bottom of the 6th over - 0 run(s), 1 hit(s), 0 error(s), 1 left on base; Lancaster 6 - Belvedere Park 5
TOP OF THE 7TH
Lancaster Farmers batting - Pitching for Belvedere Park Rawhides : RHP Jim Thornton
Batting: RHB Carlos Santos 0-0: Swinging Strike
0-1: Called Strike
0-2: Ball
1-2: Foul Ball, location: 2F
1-2: Ball
2-2: Foul Ball, location: 2F
2-2: Ball
3-2: Foul Ball, location: 2F
3-2: Strikes out swinging
Batting: RHB Eric Howard 0-0: Ball
1-0: Ground out 1-3 (Groundball, 15)
Batting: RHB Fred Meyer 0-0: Ball
1-0: Called Strike
1-1: Ball
2-1: Ball
3-1: Called Strike
3-2: Strikes out swinging
Top of the 7th over - 0 run(s), 0 hit(s), 0 error(s), 0 left on base; Lancaster 6 - Belvedere Park 5
BOTTOM OF THE 7TH
Belvedere Park Rawhides batting - Pitching for Lancaster Farmers : RHP Craig Evans
Batting: RHB Ralph McKnight 0-0: Ball
1-0: Fly out, F9 (Flyball, 9M)
Batting: SHB Ron Bunch 0-0: Called Strike
0-1: Ball
1-1: Ball
2-1: Called Strike
2-2: Ground out 4-3 (Groundball, 34)
Batting: RHB Tom Strickland 0-0: Ball
1-0: Ball
2-0: SINGLE (Line Drive, 4D)
Batting: RHB Enrique Pimentel 0-0: Called Strike
0-1: Ball
1-1: Called Strike
1-2: Fielders Choice at 2nd, 6-4 (Groundball, 6)
Bottom of the 7th over - 0 run(s), 1 hit(s), 0 error(s), 0 left on base; Lancaster 6 - Belvedere Park 5
TOP OF THE 8TH
Lancaster Farmers batting - Pitching for Belvedere Park Rawhides : RHP Jim Thornton
Batting: RHB Brent Ryan 0-0: Ball
1-0: Ball
2-0: Foul Ball, location: 2F
2-1: Foul Ball, location: 2F
2-2: Foul Ball, location: 2F
2-2: Ball
3-2: Fly out, F3 (Popup, 3F)
Pitching: RHP Enrique Rodríguez
Batting: RHB Keith Fish 0-0: Ball
1-0: Ball
2-0: Foul Ball, location: 2F
2-1: Foul Ball, location: 2F
2-2: Ball
3-2: Base on Balls
Batting: RHB John Townsend 0-0: Foul Ball, location: 2F
0-1: Ground out 5-3 (Groundball, 56S)
Keith Fish to second
Batting: RHB Bennett Bates 0-0: Foul Ball, location: 2F
0-1: Fly out, F9 (Flyball, 9M)
Top of the 8th over - 0 run(s), 0 hit(s), 0 error(s), 1 left on base; Lancaster 6 - Belvedere Park 5
BOTTOM OF THE 8TH
Belvedere Park Rawhides batting - Pitching for Lancaster Farmers : RHP Craig Evans
Pitching: RHP Gonzalo Velásquez
Batting: RHB Danny Penn 0-0: Ball
1-0: Ball
2-0: Called Strike
2-1: Foul Ball, location: 2F
2-2: Strikes out swinging
Batting: SHB Ryan Cook 0-0: Foul Ball, location: 2F
0-1: Foul Ball, location: 2F
0-2: Strikes out swinging
Batting: RHB Victorino Navarro 0-0: Fly out, F7 (Line Drive, 7LM)
Bottom of the 8th over - 0 run(s), 0 hit(s), 0 error(s), 0 left on base; Lancaster 6 - Belvedere Park 5
TOP OF THE 9TH
Lancaster Farmers batting - Pitching for Belvedere Park Rawhides : RHP Enrique Rodríguez
Batting: SHB Jim Henderson 0-0: Ball
1-0: Swinging Strike
1-1: Fly out, F9 (Flyball, 9LS)
Batting: LHB Rob Wilson 0-0: Ball
1-0: Ball
2-0: Called Strike
2-1: Ball
3-1: Swinging Strike
3-2: Foul Ball, location: 2F
3-2: Base on Balls
Pinch Hitting: SHB Christos Galpin 0-0: Called Strike
0-1: Fielders Choice at 2nd, 1-6 (Groundball, 13)
Batting: RHB Eric Howard 0-0: Ball
1-0: Fielders Choice at 2nd, 6-4 (Groundball, 6)
Top of the 9th over - 0 run(s), 0 hit(s), 0 error(s), 0 left on base; Lancaster 6 - Belvedere Park 5
BOTTOM OF THE 9TH
Belvedere Park Rawhides batting - Pitching for Lancaster Farmers : RHP Gonzalo Velásquez
Pitching: LHP Brad Wilson
Now at C: Christos Galpin
Pinch Hitting: RHB Eddy Baxter 0-0: Called Strike
0-1: SINGLE (Flyball, 78S)
Batting: RHB Al Thomas 0-0: Ball
1-0: Bunted foul
1-1: Sac Bunt - play at first, batter OUT! 1-4
Eddy Baxter to second
Batting: RHB Ralph McKnight 0-0: Foul Ball, location: 2F
0-1: Ball
1-1: Swinging Strike
1-2: Fly out, F6 (Popup, 6D)
Batting: SHB Ron Bunch 0-0: DOUBLE (Line Drive, 8LM)
Eddy Baxter scores
Batting: RHB Tom Strickland 0-0: Ball
1-0: Called Strike
1-1: Foul Ball, location: 2F
1-2: Foul Ball, location: 2F
1-2: Ball
2-2: Ball
3-2: Base on Balls
Batting: RHB Enrique Pimentel 0-0: Ground out 5-3 (Groundball, 56)
Bottom of the 9th over - 1 run(s), 2 hit(s), 0 error(s), 2 left on base; Lancaster 6 - Belvedere Park 6
TOP OF THE 10TH
Lancaster Farmers batting - Pitching for Belvedere Park Rawhides : RHP Enrique Rodríguez
Pitching: LHP Jorge Castillo
Now at 1B: Pancho López
Batting: RHB Fred Meyer 0-0: Fly out, F5 (Popup, 5SF)
Batting: RHB Brent Ryan 0-0: Foul Ball, location: 2F
0-1: Ball
1-1: Called Strike
1-2: Ball
2-2: Fly out, F1 (Line Drive, 15)
Batting: RHB Keith Fish 0-0: SINGLE (Line Drive, 89S)
Pinch Hitting: RHB Alan Potts 0-0: Ball
1-0: Foul Ball, location: 2F
1-1: Fly out, F6 (Popup, 6MD)
Top of the 10th over - 0 run(s), 1 hit(s), 0 error(s), 1 left on base; Lancaster 6 - Belvedere Park 6
BOTTOM OF THE 10TH
Belvedere Park Rawhides batting - Pitching for Lancaster Farmers : LHP Brad Wilson
Now in LF: Jim Unknown
Batting: RHB Danny Penn 0-0: Foul Ball, location: 2F
0-1: Called Strike
0-2: Foul Ball, location: 2F
0-2: Ball
1-2: Ball
2-2: SINGLE (Line Drive, 34)
Batting: SHB Ryan Cook 0-0: Called Strike
0-1: Bunted foul
0-2: Ball
1-2: Foul Ball, location: 2F
1-2: Ball
2-2: Fly out, F7 (Flyball, 7M)
Pinch Hitting: RHB Justin Miles 0-0: Ball
1-0: Called Strike
1-1: Ball
Single, Error in OF, E7, batter to second base
Danny Penn to third
Pinch Hitting: RHB José Fuentes 0-0: Intentional Walk
Batting: RHB Al Thomas 0-0: Ball
1-0: Grounds into fielders choice 6-2 (Groundball, 6)
Justin Miles to third
José Fuentes to second
Batting: RHB Ralph McKnight 0-0: Ball
1-0: SINGLE (Line Drive, 56D)
Justin Miles scores
This league is powered by Out of the Park Baseball, the baseball management simulation game for PC, Mac and Linux
Friday, January 22nd, 2016 - OOTP Baseball 16.9 Build 39